 Dungeon Crawl Stone Soup version 5.6-49-g8abd877 (webtiles) character file.

2 rednecknazgul the Shooter (level 7, -4/41 HPs) *CASUAL*
             Began as a Deep Elf Gladiator on Oct 28, 2018.
             Slain by an iguana (12 damage)
             ... on level 4 of the Dungeon.
             The game lasted 00:04:25 (2552 turns).

rednecknazgul the Shooter (Deep Elf Gladiator)      Turns: 2552, Time: 00:04:26

Health: -4/41      AC:  7 (24%)Str: 14    XL:     7   Next: 59%
Magic:  13/13      EV: 14    Int: 13      God:
Gold:   237        SH:  0    Dex: 14 (15) Spells: 12/12 levels left

rFire    . . .     SeeInvis .   a - +0 shortbow
rCold    . . .     Faith    .   (shield currently unavailable)
rNeg     . . .     Spirit   .   m - +0 ring mail
rPois    .         Reflect  .   c - +0 helmet
rElec    .                      (no cloak)
rCorr    .                      (no gloves)
MR       +....                  h - +0 pair of boots
Stlth    +.........             (no amulet)
Regen    0.2/turn               l - ring of protection from magic
MPRegen  0.2/turn               (no ring)

@: no status effects
A: magic attunement
a: no special abilities


You were on level 4 of the Dungeon.
You were not hungry.

You visited 1 branch of the dungeon, and saw 4 of its levels.

You collected 237 gold pieces.

Inventory:

Hand Weapons
 a - a +0 shortbow (weapon)
Armour
 c - a +0 helmet (worn)
 h - a +0 pair of boots (worn)
 m - a +0 ring mail (worn)
Jewellery
 b - an uncursed ring of positive energy
 f - a +5 ring of strength
 l - a ring of protection from magic (left hand)
Scrolls
 d - a scroll of enchant weapon
 e - a scroll of fear
 j - 2 scrolls of magic mapping
 k - a scroll of blinking
Potions
 g - 3 potions of flight
 i - 2 potions of mutation
 n - 2 potions of cancellation
 o - a potion of invisibility


   Skills:
 + Level 3.5 Fighting
 * Level 6.7 Bows & Xbows
 - Level 2.0 Throwing
 + Level 2.8 Armour
 + Level 5.9 Dodging


You had 12 spell levels left.
You didn't know any spells.
Your spell library was empty.

Dungeon Overview and Level Annotations

Branches:
Dungeon (4/15)

Altars:
Dithmenos
Gozag
Nemelex Xobeh
Yredelemnul
Zin


Innate Abilities, Weirdness & Mutations

Your non-sustained spells cost 1 less MP to cast


Message History

Okay, then.
You shoot an arrow.
The arrow hits the iguana but does no damage.
The iguana is heavily wounded.
The iguana closely misses you.
Firing (i - inventory):
Press: ? - help, Shift-Dir - straight line, f/p - iguana
Aim: an iguana (heavily wounded)
Okay, then.
You shoot an arrow. The arrow hits the iguana (2).
The iguana is severely wounded.
The iguana bites you (4).
* * * LOW HITPOINT WARNING * * *
Firing (i - inventory):
Press: ? - help, Shift-Dir - straight line, f/p - iguana
Aim: an iguana (severely wounded)
Okay, then.
You shoot an arrow. The arrow barely misses the iguana (0).
The iguana bites you (12)!
You die...

########### ....#.....#
###.##.##.### ............#
###.#####.#.# ..........#.#
###########≈ .......#..#.#
#.........'.
###.##....#.##########.........#≈
................@l.............#
###.###.###.##########.........#
..#.#.....#.# ###########
#.#.......#.# #.#...[...#.#
#.#.........#
#.#.###.#..############ #.#.#
#.##.......)..... #.#.#
#.##..###...####


You could see an iguana.

Vanquished Creatures
  A scorpion (D:4)
  A howler monkey (D:3)
  A quasit (D:3)
  2 orc priests (D:3)
  A gnoll shaman (D:4)
  A hound (D:4)
  A centaur skeleton (D:4)
  5 adders
  A dart slug (D:1)
  9 orcs (D:3)
  3 quokkas (D:2)
  A ball python (D:2)
  6 bats (D:1)
  2 giant cockroaches (D:3)
  9 goblins
  5 hobgoblins
  5 jackals
  8 kobolds
  10 frilled lizards
  6 rats
78 creatures vanquished.

Notes
Turn   | Place    | Note
-------+----------+-------------------------------------------
     0 | D:1      | rednecknazgul the Deep Elf Gladiator began the quest for the Orb.
     0 | D:1      | Reached XP level 1. HP: 12/12 MP: 4/4
    44 | D:1      | Reached XP level 2. HP: 17/17 MP: 5/5
   148 | D:1      | Reached XP level 3. HP: 21/21 MP: 7/7
   182 | D:1      | Found a sparkling altar of Nemelex Xobeh.
   363 | D:1      | Reached skill level 4 in Bows & Xbows
   468 | D:2      | Reached skill level 1 in Armour
   468 | D:2      | Reached XP level 4. HP: 25/26 MP: 8/8
   469 | D:2      | Found a shadowy altar of Dithmenos.
   630 | D:2      | Found a basalt altar of Yredelemnul.
   676 | D:2      | Found a faded altar of an unknown god.
   925 | D:2      | Reached XP level 5. HP: 14/31 MP: 10/10
  1376 | D:3      | Reached skill level 5 in Bows & Xbows
  1392 | D:3      | Found an opulent altar of Gozag.
  1496 | D:3      | Reached skill level 5 in Dodging
  1651 | D:3      | Reached XP level 6. HP: 36/36 MP: 11/11
  1782 | D:3      | Found a glowing silver altar of Zin.
  2030 | D:4      | Reached skill level 6 in Bows & Xbows
  2030 | D:4      | Reached XP level 7. HP: 11/41 MP: 13/13
  2552 | D:4      | Slain by an iguana

Skill      XL: |  1  2  3  4  5  6 |
---------------+-------------------+-----
Dodging        | 4 5 |  5.9
Fighting       | 2 3 |  3.5
Bows & Xbows   | 4 5 6 |  6.7
Armour         | 1 2 |  2.8
Throwing       | |  2.0

Action                   |  1- 3 |  4- 6 |  7- 9 || total
-------------------------+-------+-------+-------++-------
 Fire: Shortbow          |    86 |   253 |    55 ||   394
  Use: Potion            |       |     2 |       ||     2
Armor: Leather armour    |     9 |     3 |       ||    12
       Ring mail         |       |    82 |     7 ||    89
Dodge: Dodged            |    21 |   177 |    27 ||   225
